Map: Shrines of Lizul

Players

MonstroTown

  • Race: Terran Terran
  • Spawn Location: 9:00

Michael

  • Race: Zerg Zerg
  • Spawn Location: 6:00

LEGALcoke

  • Race: Zerg Zerg
  • Spawn Location: 12:00

IndigoStorm

  • Race: Protoss Protoss
  • League: Platinum
  • Spawn Location: 3:00

VOD

Have the link to the VOD?

Description

Time

  • Played on: Sept. 1, 2018, 10:07 p.m.
  • Length: 11:06
Show
View Real Time Build Order
Export as new Build Order

MonstroTown Terran 

Build Orders: Cyclone Opening 

Get SALT Encoding   

  12  0:00  SCV  
  13  0:13  SCV  
  14  0:18  Supply Depot  
  14  0:25  SCV  
  15  0:30  Refinery  
  15  0:39  SCV  
  16  0:45  Barracks  
  16  0:52  SCV  
  17  0:57  Refinery  
  17  1:11  SCV  
  18  1:23  SCV  
  19  1:29  Supply Depot  
  19  1:33  Marine  
  19  1:36  Orbital Command  
  20  1:51  Factory  
  20  1:54  Marine  
  21  2:02  SCV  
  22  2:15  Marine  
  23  2:19  SCV  
  24  2:31  SCV  
  24  2:34  Marine  
  26  2:37  Cyclone  
  26  2:40  Supply Depot  
  26  2:43  Starport  
  28  2:57  Marine  
  29  3:05  Barracks  
  28  3:11  Cyclone  
  31  3:18  Liberator  
  31  3:35  Marine  
  31  3:37  Supply Depot  
  35  3:56  Marine  
  35  3:57  Barracks Tech Lab  
  36  4:08  Cyclone  
  35  4:42  Starport Reactor  
  35  4:47  Factory Tech Lab  
  35  4:48  Stimpack  
  35  4:51  Barracks Reactor  
  32  5:18  Barracks Reactor  
  32  5:21  Siege Tank  
  32  5:22  Medivac x2  
  32  5:24  Marauder  
  41  5:45  Marine  
  36  6:08  Medivac x2  
  35  6:29  Command Center  
  35  6:35  Liberator  
  35  6:41  Marine x3  
  37  6:52  Siege Tank  
  40  6:59  Marine x2  
  40  7:00  Marauder  
  43  7:12  Liberator  
  43  7:14  Command Center  
  43  7:21  Marauder  
  45  7:23  Marine x2  
  45  8:15  Engineering Bay  
  45  8:16  Engineering Bay  
  45  8:20  Armory  
  45  8:27  Command Center  
  45  8:29  Marine x3  
  40  9:21  Marine x3  
  33  9:36  Planetary Fortress  
  30  9:39  Marauder, Marine  
  27  10:01  Marauder, Orbital Command  
  29  10:11  Missile Turret  
  23  10:17  Marine  
  23  10:18  Marine  
  20  10:27  Orbital Command  
Show
View Real Time Build Order
Export as new Build Order

Michael Zerg 

Build Orders: Hatch First 

Get SALT Encoding   

  12  0:01  Drone  
  13  0:13  Overlord  
  13  0:18  Drone  
  14  0:31  Drone x2  
  14  0:35  Drone  
  17  0:45  Drone  
  18  0:57  Hatchery  
  18  1:00  Drone  
  18  1:14  Spawning Pool  
  18  1:16  Drone  
  18  1:20  Extractor  
  17  1:26  Drone  
  17  1:28  Drone  
  19  1:39  Drone  
  20  2:00  Overlord  
  20  2:01  Queen  
  22  2:09  Queen  
  22  2:11  Zergling x4  
  26  2:17  Zergling x2  
  26  2:20  Zergling x2  
  25  2:52  Roach Warren  
  25  2:53  Lair  
  25  2:55  Evolution Chamber  
  23  2:59  Queen  
  23  3:00  Drone  
  23  3:01  Drone x4  
  25  3:33  Roach x3  
  25  3:34  Roach x2  
  31  3:51  Roach x2  
  35  4:01  Overlord  
  35  4:02  Overlord  
  35  4:06  Drone  
  36  4:17  Spine Crawler  
  26  5:02  Queen  
  26  5:03  Drone x5  
  26  5:04  Drone x4  
  37  5:10  Roach  
  39  5:18  Drone  
  39  5:20  Queen  
  42  5:23  Drone  
  43  5:37  Hatchery  
  38  5:57  Roach x6  
  46  6:08  Drone x2  
  48  6:16  Extractor  
  48  6:17  Queen  
  47  6:31  Drone x2  
  49  6:33  Drone  
  46  6:46  Roach  
  52  6:47  Roach x2  
  50  7:03  Roach x4  
  50  7:04  Overlord  
  50  7:05  Overlord x2  
  58  7:19  Hydralisk Den  
  55  7:26  Roach x2  
  55  7:29  Roach  
  57  7:31  Zergling x16  
  59  8:04  Glial Reconstitution  
  57  8:08  Muscular Augments  
  57  8:12  Drone x6  
  63  8:19  Hatchery  
  62  8:32  Metabolic Boost  
  62  8:37  Drone x4  
  62  8:41  Extractor  
  65  8:42  Extractor  
  59  9:15  Hydralisk x5  
  66  9:35  Drone x4  
  70  9:40  Drone x2  
  70  9:45  Queen  
  72  9:49  Overlord x3  
  72  9:58  Hydralisk x3  
  72  10:03  Overlord x2  
  72  10:04  Overlord  
  72  10:13  Hydralisk x3  
  76  10:19  Hydralisk  
  78  10:25  Hydralisk x6  
  90  10:32  Hydralisk x2  
Show
View Real Time Build Order
Export as new Build Order

LEGALcoke Zerg 

Build Orders: Pool First 

Get SALT Encoding   

  12  0:01  Drone  
  13  0:08  Drone  
  14  0:18  Overlord  
  14  0:25  Extractor, Drone  
  15  0:40  Spawning Pool  
  14  0:44  Drone  
  14  0:48  Drone  
  16  0:50  Drone  
  16  0:57  Drone  
  18  1:00  Extractor  
  17  1:08  Drone  
  18  1:17  Drone  
  19  1:28  Drone  
  20  1:43  Drone  
  21  1:48  Overlord  
  21  2:01  Zergling x2  
  21  2:06  Queen  
  21  2:08  Metabolic Boost  
  24  2:14  Zergling x2  
  25  2:17  Hatchery  
  24  2:23  Zergling x2  
  26  2:37  Zergling x2  
  26  2:42  Queen  
  28  2:45  Drone  
  29  2:54  Zergling x2  
  28  3:28  Queen  
  28  3:29  Drone  
  28  3:30  Drone x5  
  34  3:39  Zergling x2  
  35  3:43  Extractor  
  35  3:46  Roach Warren  
  33  3:55  Zergling x6  
  36  3:58  Overlord  
  36  4:03  Hatchery  
  36  4:04  Drone  
  36  4:21  Zergling x8  
  40  4:28  Drone x3  
  40  4:29  Baneling Nest  
  40  4:30  Drone  
  43  4:34  Overlord  
  43  4:42  Zergling x2  
  44  5:04  Roach x3  
  44  5:05  Roach x3  
  50  5:07  Zergling x2  
  48  5:17  Roach x2  
  48  5:18  Roach  
  48  5:21  Lair  
  54  5:25  Zergling x4  
  54  5:26  Zergling x2  
  54  5:27  Baneling x2  
  57  5:34  Overlord  
  57  5:36  Overlord  
  54  5:58  Roach x2  
  54  5:59  Roach x4  
  54  6:02  Roach  
  65  6:08  Zergling x4  
  66  6:15  Spore Crawler  
  64  6:25  Drone x2, Spore Crawler  
  63  6:40  Extractor  
  57  7:05  Roach x2  
  57  7:06  Roach x4  
  69  7:18  Queen  
  69  7:20  Queen  
  73  7:24  Overlord  
  74  7:30  Drone  
  46  8:02  Roach x4  
  46  8:03  Roach x4  
  54  8:12  Spire  
  49  8:16  Drone x3  
  49  8:17  Drone  
  49  8:18  Hydralisk Den  
  52  8:25  Evolution Chamber  
  51  8:27  Evolution Chamber  
  51  8:28  Ravager  
  51  8:29  Ravager  
  51  8:31  Drone x2  
  54  8:37  Drone x2  
  54  8:39  Drone  
  54  9:04  Roach  
  54  9:05  Roach x6  
  64  9:27  Roach x5  
  71  9:33  Zergling x8  
  71  9:56  Roach x5  
  75  10:03  Drone x3  
  75  10:04  Drone  
  79  10:13  Drone  
  79  10:14  Extractor, Drone x2  
  81  10:25  Drone  
  81  10:26  Overlord  
  81  10:27  Overlord  
  82  10:37  Overlord  
  82  10:38  Overlord  
Show
View Real Time Build Order
Export as new Build Order

IndigoStorm Protoss 

Build Orders:  

Get SALT Encoding   

  12  0:01  Probe  
  13  0:16  Pylon  
  13  0:24  Probe  
  14  0:35  Probe  
  14  0:39  Forge  
  15  0:43  Probe  
  16  0:52  Probe  
  17  0:57  Pylon  
  17  1:19  Photon Cannon  
  17  1:23  Pylon  
  17  1:36  Gateway  
  17  1:38  Gateway  
  17  1:45  Photon Cannon  
  17  1:53  Pylon  
  17  2:06  Photon Cannon  
  17  2:10  Pylon  
  17  2:28  Zealot  
  17  2:29  Photon Cannon  
  17  2:30  Photon Cannon  
  17  2:31  Zealot  
  21  2:53  Photon Cannon  
  21  3:00  Pylon  
  21  3:06  Zealot x2  
  25  3:33  Zealot  
  23  3:59  Assimilator  
  23  4:16  Nexus  
  21  4:20  Photon Cannon  
  21  4:24  Photon Cannon  
  17  4:28  Photon Cannon  
  17  4:30  Pylon  
  17  4:33  Photon Cannon  
  16  5:08  Gateway  
  16  5:17  Nexus  
  16  5:18  Probe  
  16  5:21  Assimilator  
  16  5:26  Probe x2  
  17  5:34  Probe  
  19  5:36  Probe  
  21  5:48  Probe  
  22  5:56  Zealot  
  24  6:03  Cybernetics Core  
  24  6:15  Probe x2  
  26  6:21  Pylon  
  26  6:31  Probe  
  26  6:32  Probe  
  28  6:33  Probe  
  29  6:41  Pylon  
  29  6:48  Photon Cannon  
  29  6:52  Pylon  
  29  6:53  Probe  
  29  6:54  Probe x2  
  32  7:02  Stargate  
  32  7:05  Stargate  
  32  7:14  Probe  
  33  7:16  Probe x2  
  35  7:25  Assimilator  
  35  7:27  Probe x3  
  35  7:28  Assimilator  
  38  7:31  Assimilator  
  38  7:35  Probe x3, Assimilator  
  38  7:40  Void Ray  
  38  7:43  Probe  
  41  7:46  Void Ray  
  50  8:03  Protoss Air Weapons Level 1  
  50  8:11  Probe x3  
  53  8:23  Probe x2  
  55  8:30  Void Ray  
  55  8:32  Void Ray  
  63  8:41  Stargate  
  52  9:08  Probe  
  52  9:09  Probe x2  
  55  9:20  Void Ray x3, Probe  
  67  9:43  Pylon  
  67  9:44  Pylon  
  67  9:45  Pylon  
  67  9:50  Pylon  
Tags
 
Add a new tag
Caveats
  • Supply blocks, unpowered buildings, or Contaminate may cause inaccurate times.
  • Supply counts are checked every 10 seconds.